 Dungeon Crawl Stone Soup version 0.30-a0-1016-gfb0d676c02 (webtiles) character file.

Game seed: 12707724241900242239

4 protoss039 the Sneak (level 1, -3/13 HPs)
             Began as a Vampire Enchanter on Apr 6, 2023.
             Slain by a kobold
             ... wielding a +3 short sword of protection
              (5 damage)
             ... on level 1 of the Dungeon.
             The game lasted 00:00:29 (93 turns).

protoss039 the Sneak (Vampire Enchanter)              Turns: 93, Time: 00:00:30

Health: -3/13      AC:  2    Str:  7    XL:     1   Next: 50%
Magic:  3/3        EV: 12    Int: 17    God:
Gold:   9          SH:  0    Dex: 14    Spells: 4/4 levels left

rFire   . . .      SeeInvis +    a - +1 dagger
rCold   . . .      Faith    .    (no shield)
rNeg    . . .      Spirit   .    b - +0 robe
rPois   .          Reflect  .    (no helmet)
rElec   .          Rampage  .    (no cloak)
rCorr   .                        (no gloves)
Will    .....                    (no boots)
Stlth   +++                      (no amulet)
HPRegen 0.42/turn                (no ring)
MPRegen 0.08/turn                (no ring)

@: healing quickly, invisible
A: alive, fangs 3, see invisible, vampiric 1
a: Exsanguinate


You were on level 1 of the Dungeon.
You visited 1 branch of the dungeon, and saw 1 of its levels.

You collected 9 gold pieces.

Inventory:

Hand Weapons
 a - a +1 dagger (weapon)
Armour
 b - a +0 robe (worn)
Potions
 c - a potion of invisibility
 d - a potion of heal wounds {unknown}
 e - a potion of curing {unknown}


   Skills:
 * Level 0.2 Fighting
 + Level 1.1 Short Blades
 + Level 2.2 Dodging
 * Level 4.5 Stealth
 + Level 2.0 Spellcasting
 + Level 4.4 Hexes


You had 4 spell levels left.
You didn't know any spells.
Your spell library contained the following spells:

 Spells                   Type           Power      Damage    Failure   Level
 Confusing Touch          Hex            16%        N/A       10%         3
 Tukima's Dance           Hex            16%        N/A       10%         3
 Ensorcelled Hibernation  Hex/Ice        18%        N/A       12%         2
 Dazzling Flash           Conj/Hex       18%        N/A       24%         3


Dungeon Overview and Level Annotations

Branches:
Dungeon (1/15) Zot: 5903

Altars:


Innate Abilities, Weirdness & Mutations

Your natural rate of healing is accelerated.
You have razor-sharp teeth.
You have supernaturally acute eyesight. (SInv)
You are afflicted with vampirism.


Message History

You impale the hobgoblin!!
You kill the hobgoblin!
f - a scroll labelled NUGOOPP ZOLIYXA A hobgoblin and a kobold come into view.
The kobold is wielding a +3 short sword of protection.
A gnoll comes into view. It is wielding a +0 club.
There are monsters nearby!
There are monsters nearby!
You fade into invisibility!
The kobold throws a stone.
The stone barely misses you.
You hit the gnoll.
The gnoll is lightly wounded.
The gnoll hits you with a +0 club!
Ouch! That really hurt!
Unknown command.
Okay, then.
Okay, then.
As you read the scroll labelled NUGOOPP ZOLIYXA, it crumbles to dust.
Wisps of shadow whirl around you...
It was a scroll of summoning.
The gnoll hits you with a +0 club. The kobold barely misses you.
Unknown command.
You hit the gnoll.
The gnoll is moderately wounded.
The gnoll completely misses you.
The kobold hits you with a +3 short sword of protection.
* * * LOW HITPOINT WARNING * * *
Your endoplasm freezes the gnoll.
The gnoll is frozen.
Your goblin hits the hobgoblin with a +0 dagger!
The hobgoblin dies!
Unknown command.
The gnoll hits your endoplasm with a +0 club.
Your endoplasm dies!
Your endoplasm dissolves into shadows!
Unknown command.
Unknown command.
Unknown command.
Found a scroll labelled TIORODUXKA.
The kobold hits you with a +3 short sword of protection.
You die...

~~~~~~~~~♣♣.#..#..####.####
~~~~<~~~~♣♣....#..#....#
~~~~~~~~~≈♣.#.......####
~~~~~~~~~♣♣.#...#..##
≈≈♣♣♣♣♣≈♣~~...###..# ♣♣
♣♣♣~........#######
....#...g.#.....#
#.......g.......
........@K.......
..#..............
.................
.................
..#.............. .
##.............
.......#.....#
..?.....##..##


You could see a gnoll (wandering, unable to see you, ally target), a kobold
(unable to see you) and a friendly goblin (summoned).

Vanquished Creatures
  A hobgoblin (D:1)
  A bat (D:1)
  A rat (D:1)
3 creatures vanquished.

Vanquished Creatures (collateral kills)
  A hobgoblin (D:1)
1 creature vanquished.

Grand Total: 4 creatures vanquished

Notes
Turn   | Place    | Note
-------+----------+-------------------------------------------
     0 | D:1      | protoss039 the Vampire Enchanter began the quest for the
                  | Orb.
     0 | D:1      | Reached XP level 1. HP: 13/13 MP: 3/3
    93 | D:1      | Slain by a kobold

Illustrated notes

Levels and vault maps discovered:
D:1:      reono_arrival_forest_river, layout_rooms,
          shapermc_ecumenical_altar_mp_urbaneastern, minmay_tetromino_o2

Action                     || total
---------------------------++-------
  Melee: Dagger            ||     9
         Bite              ||     1
    Use: Scroll            ||     1
         Potion            ||     1
   Stab: Sleeping          ||     2
 Armour: Robe              ||     1
  Dodge: Dodged            ||    10

Table legend: (Time is in decaauts)
 A = Elapsed time spent in this place.
 B = Non-inter-level travel time spent in this place.
 C = Inter-level travel time spent in this place.
 D = Time resting spent in this place.
 E = Time spent auto-exploring this place.
 F = Levels seen in this place.
 G = Mean time per level.
                   A        B        C        D        E       F      G
               +--------+--------+--------+--------+--------+-----+--------+
         Total |     95 |     95 |      0 |      0 |     59 |   1 |   95.0 |
       Dungeon |     95 |     95 |      0 |      0 |     59 |   1 |   95.0 |
               +--------+--------+--------+--------+--------+-----+--------+

Top non-repeatable levels by time:
     D:1: 95 daAuts
